 Dungeon Crawl Stone Soup version 0.28.0-43-g3370ac3207 (webtiles) character file.

Game seed: 5924952355937086337

93 croobank the Skirmisher (level 4, 0/41 HPs)
             Began as a Hill Orc Fighter on Apr 2, 2022.
             Slain by a wyvern zombie (5 damage)
             ... on level 4 of the Dungeon.
             The game lasted 00:05:21 (2261 turns).

croobank the Skirmisher (Hill Orc Fighter)          Turns: 2261, Time: 00:05:22

Health: 0/41       AC:  9    Str: 20    XL:     4   Next: 62%
Magic:  4/4        EV:  7    Int:  8    God:
Gold:   133        SH:  5    Dex: 10    Spells: 3/3 levels left

rFire   . . .      SeeInvis .   a - +0 war axe
rCold   . . .      Faith    .   c - +1 buckler
rNeg    . . .      Spirit   .   f - +0 chain mail
rPois   .          Reflect  .   (no helmet)
rElec   .          Harm     .   (no cloak)
rCorr   .          Rampage  .   (no gloves)
Will    .....                   (no boots)
Stlth   ..........              (no amulet)
HPRegen 0.13/turn               (no ring)
MPRegen 0.09/turn               (no ring)

@: mighty
A: no striking features
a: no special abilities


You were on level 4 of the Dungeon.
You visited 1 branch of the dungeon, and saw 4 of its levels.

You collected 133 gold pieces.

Inventory:

Hand Weapons
 a - a +0 war axe (weapon)
 b - a +0 hunting sling
Missiles
 g - 18 bolts
 i - 2 poisoned darts (quivered)
Armour
 c - a +1 buckler (worn)
 f - a +0 chain mail (worn)
 m - a +0 plate armour
Jewellery
 h - a ring of ice
 l - a ring of fire
Wands
 k - a wand of iceblast (6)
Potions
 e - a potion of resistance {unknown}
 j - a potion of mutation {unknown}


   Skills:
 + Level 4.4 Fighting
 + Level 3.9 Axes
 + Level 4.0 Armour
 + Level 4.0 Shields


You had 3 spell levels left.
You didn't know any spells.
Your spell library contained the following spells:

 Spells                   Type           Power      Damage    Failure   Level
 Leda's Liquefaction      Hex/Erth       0%         N/A       100%        4
 Lee's Rapid Deconstruct  Erth           0%         3d5*      100%        5
 Statue Form              Tmut/Erth      0%         N/A       100%        6


Dungeon Overview and Level Annotations

Branches:
Dungeon (4/15)
 Temple: D:4-7

Altars:
Sif Muna


Message History

You kill the hound!
Your Armour skill increases to level 4!
Your Shields skill increases to level 4!
No target in view!
HP restored.
A wyvern zombie comes into view.
You see here 16 gold pieces.
You now have 133 gold pieces (gained 16).
You block the wyvern zombie's attack.
You barely miss the wyvern zombie. The wyvern zombie bites you.
The wyvern zombie bites you but does no damage.
You barely miss the wyvern zombie. The wyvern zombie closely misses you.
You slash the wyvern zombie!
The wyvern zombie is lightly damaged.
The wyvern zombie bites you! x2
You hit the wyvern zombie but do no damage.
The wyvern zombie is lightly damaged.
The wyvern zombie bites you!
* * * LOW HITPOINT WARNING * * *
You block the wyvern zombie's attack.
You barely miss the wyvern zombie.
The wyvern zombie is lightly damaged.
You block the wyvern zombie's attack. The wyvern zombie bites you.
* * * LOW HITPOINT WARNING * * *
You aren't carrying any scrolls.
You feel very mighty all of a sudden. The wyvern zombie barely misses you.
You slash the wyvern zombie!
The wyvern zombie is heavily damaged.
The wyvern zombie completely misses you.
The wyvern zombie bites you but does no damage.
You hit the wyvern zombie.
The wyvern zombie is heavily damaged.
You block the wyvern zombie's attack.
You barely miss the wyvern zombie.
The wyvern zombie is heavily damaged.
The wyvern zombie bites you.
* * * LOW HITPOINT WARNING * * *
The wyvern zombie bites you.
You die...

#.# #.....#.# #########.#
#..##.#.#######
........#.###..#...........
#### #........#..#.######.
.....#.######.#..#.#
.............#.#..#.#
#####.#......#.#..#.#
#.#.##...#.#..#)# #
####@..# #.##.#
#....Z...#.####.#
..........#......#
#.........#####..#
#.........# #..######.
#.........# #..#......
#.#.......# #..#.#####
....#.....# #.........
####.##.####.


You could see a wyvern zombie.

Vanquished Creatures
  A hound (D:4)
  A worm (D:3)
  4 dart slugs
  An orc (D:3)
  2 endoplasms
  2 giant cockroaches
  3 goblins
  5 hobgoblins
  7 jackals
  2 quokkas
  5 ball pythons
  2 frilled lizards
  6 kobolds
  5 rats
46 creatures vanquished.

Notes
Turn   | Place    | Note
-------+----------+-------------------------------------------
     0 | D:1      | croobank the Hill Orc Fighter began the quest for the Orb.
     0 | D:1      | Reached XP level 1. HP: 19/19 MP: 1/1
   494 | D:1      | Reached XP level 2. HP: 27/27 MP: 2/2
  1002 | D:2      | Reached XP level 3. HP: 33/33 MP: 3/3
  1210 | D:2      | Found a shimmering blue altar of Sif Muna.
  1477 | D:2      | Found a faded altar of an unknown god.
  1967 | D:3      | Reached XP level 4. HP: 40/40 MP: 4/4
  2261 | D:4      | Slain by a wyvern zombie

Illustrated notes

Levels and vault maps discovered:
D:1:      dpeg_arrival_leaves_temple_mockup, layout_basic, roderic_roman_lattice
D:2:      layout_basic, ebering_ecumenical_altar_mist, basic_altar
D:3:      layout_rooms
D:4:      layout_basic, minmay_temple_entry_enclosed_plants, uniq_duvessa

Skill      XL: |  1  2  3  4 |
---------------+-------------+-----
Axes           | 3 |  3.9
Fighting       | 4 |  4.4
Armour         | 4 |  4.0
Shields        | 4 |  4.0

Action                   |  1- 3 |  4- 6 || total
-------------------------+-------+-------++-------
Melee: War axe           |   106 |    25 ||   131
  Use: Scroll            |     4 |     1 ||     5
       Potion            |       |     1 ||     1
Armor: Scale mail        |    38 |       ||    38
       Chain mail        |    17 |     9 ||    26
Dodge: Dodged            |    50 |    10 ||    60
Block: Buckler           |    19 |     8 ||    27
